AoeStats
← JamesNewstedd

Hideout

507668852Analyzed
1v1 RM · 12d ago on Sep 19, 2026· 42m 16s· 2 players
Game mode
Random Map
Map size
Tiny (2 player)
Population
200
Speed
Normal
Resources
Standard
Victory
Conquest
Starting age
Dark Age
Ending age
Imperial Age
RankedLock teamsTeams togetherTeam positionsShared explorationLock speedFull tech treeHidden civsTurbo modeCheats
Victory
Defeat
🇨🇭 Malians · Switzerland
1802
+15
🇩🇪 Vikings · Germany
1789
-15
JamesNewstedd
6:44 Loom
8:57 Feudal Age
9:07 Man-at-Arms
9:48 Double-Bit Axe
11:15 Horse Collar
14:59 Town Watch
19:29 Castle Age
22:00 Bow Saw
28:17 Stone Mining
28:23 Gold Mining
37:09 Imperial Age
35:46 Scale Mail Armor
36:10 Squires
36:52 Chain Mail Armor
36:48 Forging
37:12 Onager
38:46 Plate Mail Armor
39:36 Iron Casting
40:40 Heavy Plow
41:42 Two-Man Saw
41:48 Blast Furnace
40:38 Capped Ram
41:49 Conscription
GdR_Nataniele05
6:01 Loom
8:42 Feudal Age
9:38 Man-at-Arms
10:59 Double-Bit Axe
10:59 Horse Collar
13:50 Fletching
17:09 Wheelbarrow
20:41 Castle Age
19:09 Gold Mining
19:09 Stone Mining
21:48 Bow Saw
21:42 Bodkin Arrow
21:10 Crossbowman
27:28 Town Watch
34:46 Imperial Age
32:23 Scale Mail Armor
32:30 Squires
33:24 Hand Cart
33:25 Chain Mail Armor
33:21 Forging
36:01 Conscription
36:42 Plate Mail Armor
36:58 Heavy Plow
37:18 Elite Gbeto
39:04 Iron Casting
39:37 Chemistry
40:29 Guilds
41:05 Fortified Wall
41:06 Masonry
Connection lost

Rejoining the realm…

Still unreachable

The connection could not be restored.

Session expired

The server has moved on; the page needs a fresh start.